 Dungeon Crawl Stone Soup version 0.22-a0-284-g99d1f74 (webtiles) character file.

17 Kairos the Charmwright (level 2, 0/22 HPs)
             Began as a Human Skald on Mar 22, 2018.
             Killed from afar by a dart slug (7 damage)
             ... with a slug dart
             ... on level 1 of the Dungeon.
             The game lasted 00:01:23 (346 turns).

Kairos the Charmwright (Human Skald)                 Turns: 346, Time: 00:01:24

Health: 0/22       AC:  4    Str: 11    XL:     2   Next: 80%
Magic:  5/5        EV: 12    Int: 13    God:
Gold:   9          SH:  0    Dex: 12    Spells: 4/5 levels left

rFire    . . .     SeeInvis .   a - +0 mace
rCold    . . .     Gourm    .   (no shield)
rNeg     . . .     Faith    .   b - +0 leather armour
rPois    .         Spirit   .   (no helmet)
rElec    .         Reflect  .   f - +0 cloak
rCorr    .         Harm     .   (no gloves)
MR       .....                  (no boots)
Stlth    +.........             g - amulet of inaccuracy (curse)
HPRegen  0.07/turn              (no ring)
MPRegen  0.09/turn              (no ring)

@: no status effects
A: no striking features
a: no special abilities


You were on level 1 of the Dungeon.
You were not hungry.

You visited 1 branch of the dungeon, and saw 1 of its levels.

You collected 9 gold pieces.

Inventory:

Hand Weapons
 a - a +0 mace (weapon)
Armour
 b - a +0 leather armour (worn)
 f - a +0 cloak (worn)
Jewellery
 g - a cursed amulet of inaccuracy (around neck)
Scrolls
 h - a scroll of teleportation {unknown}
Potions
 c - a potion of flight {unknown}
 e - 2 potions of heal wounds {unknown}
Comestibles
 d - a ration


   Skills:
 + Level 2.0 Fighting
 + Level 2.3 Maces & Flails
 + Level 1.0 Armour
 + Level 2.2 Dodging
 + Level 2.2 Spellcasting
 + Level 3.2 Charms


You had 4 spell levels left.
You knew the following spells:

 Your Spells              Type           Power        Failure   Level  Hunger
a - Infusion              Chrm           #...         9%          1    ##.....


Dungeon Overview and Level Annotations

Branches:
Dungeon (1/15)

Altars:


Message History

You are too injured to fight recklessly!
You are too injured to fight recklessly!
You are too injured to fight recklessly!
You are too injured to fight recklessly!
You are too injured to fight recklessly!
Unknown command.
You barely miss the bat. The bat misses you.
The giant cockroach bites you but does no damage.
The giant cockroach completely misses you.
The dart slug bites you but does no damage.
The bat misses you. The giant cockroach barely misses you.
You barely miss the giant cockroach. The bat hits you but does no damage.
The giant cockroach bites you but does no damage.
The dart slug bites you but does no damage.
The giant cockroach bites you.
You barely miss the giant cockroach. The bat completely misses you.
The giant cockroach bites you. The dart slug launches a dart at you.
The slug dart hits you!
You die...

########## ........#
### #.......# #.. #
#.......# #.#
#.##.......#####.####
#>..sw.............).
#.##@###########.#.##
#...................)
####.b...........#.##
#############÷#####.#
#...........#.......#
##.8.8.8.8.8.##...####
##..[..........###.#
#<.≈≈≈≈≈≈≈≈≈≈≈.∩...#
##.............#####


You could see a dart slug, a giant cockroach and a bat.

Vanquished Creatures
  A dart slug (D:1)
  2 leopard geckos (D:1)
  2 bats (D:1)
  2 hobgoblins (D:1)
  A kobold (D:1)
  2 goblins (D:1)
  2 rats (D:1)
12 creatures vanquished.

Notes
Turn   | Place    | Note
-------+----------+-------------------------------------------
     0 | D:1      | Kairos the Human Skald began the quest for the Orb.
     0 | D:1      | Reached XP level 1. HP: 16/16 MP: 3/3
    50 | D:1      | Reached XP level 2. HP: 16/22 MP: 5/5
   346 | D:1      | Killed from afar by a dart slug

Vault maps used:
D:1:      mainiacjoe_arrival_reflecting_pool

Action                   || total
-------------------------++-------
Melee: Mace              ||    59
Armor: Leather armour    ||    28
Dodge: Dodged            ||    62

Table legend:
 A = Spawn XP
 B = Non-spawn XP
 C = Spawn XP percentage of total XP
 D = Spawn monster count
 E = Non-spawn monster count
 F = Spawn count percentage of total count
 G = Total turns spent on level
                    A         B        C        D         E        F      G
               +---------+---------+-------+---------+---------+-------+---------
         Total |       0 |      25 |   0.0 |       0 |      12 |   0.0 |   346
               +---------+---------+-------+---------+---------+-------+---------
           D:1 |       0 |      25 |   0.0 |       0 |      12 |   0.0 |   346
               +---------+---------+-------+---------+---------+-------+---------
